 Dungeon Crawl Stone Soup version 0.30-a0-335-ge5acde7520 (webtiles) character file.

Game seed: 4182504677734642603

308 Lanoc the Digger (level 6, -1/32 HPs)
             Began as a Gargoyle Earth Elementalist on Oct 30, 2022.
             Slain by a lemure (7 damage)
             ... led by Pikel
             ... on level 4 of the Dungeon.
             The game lasted 00:05:11 (3532 turns).

Lanoc the Digger (Gargoyle Earth Elementalist)      Turns: 3532, Time: 00:05:11

Health: -1/32      AC:  6    Str: 11    XL:     6   Next: 40%
Magic:  9/9        EV: 13    Int: 18    God:
Gold:   210        SH:  0    Dex: 16    Spells: 8/9 levels left

rFire   + . .      SeeInvis .    k - staff of death
rCold   + . .      Faith    .    (no shield)
rNeg    + + .      Spirit   .    a - +0 robe
rPois   ∞          Reflect  .    (no helmet)
rElec   +          Harm     .    (no cloak)
rCorr   +          Rampage  .    (no gloves)
Will    .....                    (no boots)
Stlth   +.........               (no amulet)
HPRegen 0.25/turn                v - +6 ring of dexterity
MPRegen 0.11/turn                (no ring)

@: confused, resistant, ambrosia-drunk
A: sickness immunity, AC +4, negative energy resistance 1, electricity
resistance, torment resistance 1, petrification resistance
a: no special abilities


You were on level 4 of the Dungeon.
You visited 1 branch of the dungeon, and saw 5 of its levels.

You collected 210 gold pieces.

Inventory:

Missiles
 r - 5 atropa-tipped darts
Armour
 a - a +0 robe (worn)
Magical Staves
 k - a staff of death (weapon)
Jewellery
 v - a +6 ring of dexterity (left hand)
Wands
 q - a wand of roots (9)
 s - a wand of digging (8)
 u - a wand of paralysis (10)
Scrolls
 c - 2 scrolls of fear {unknown}
 d - 3 scrolls of teleportation {unknown}
 h - 3 scrolls of identify {unknown}
 j - a scroll of enchant weapon {unknown}
 l - a scroll of summoning {unknown}
 n - 2 scrolls of enchant armour {unknown}
 o - a scroll of butterflies {unknown}
 t - a scroll of immolation {unknown}
 w - a scroll of magic mapping {unknown}
Potions
 b - a potion of magic
 g - 3 potions of ambrosia
 i - a potion of might {unknown}
 m - a potion of haste {unknown}
 p - a potion of flight {unknown}
 x - a potion of invisibility {unknown}
 z - a potion of brilliance {unknown}


   Skills:
 + Level 3.2 Dodging
 - Level 2.1 Stealth
 - Level 2.0 Spellcasting
 - Level 0.7 Transmutations
 * Level 7.2 Earth Magic


You had 8 spell levels left.
You knew the following spells:

 Your Spells              Type           Power      Damage    Failure   Level
a - Sandblast             Erth           54%        2d13      1%          1

Your spell library contained the following spells:

 Spells                   Type           Power      Damage    Failure   Level
 Passwall                 Tmut/Erth      13%        N/A       5%          2
 Stone Arrow              Conj/Erth      28%        3d8       12%         3
 Magic Dart               Conj           4%         1d3       19%         1
 Call Imp                 Summ           1%         N/A       26%         2
 Ensorcelled Hibernation  Hex/Ice        2%         N/A       26%         2
 Petrify                  Tmut/Erth      16%        N/A       34%         4
 Spider Form              Tmut/Pois      3%         N/A       43%         3
 Mephitic Cloud           Conj/Pois/Air  1%         N/A       47%         3
 Vhi's Electric Charge    Tloc/Air       2%         N/A       47%         3
 Borgnjor's Vile Clutch   Necr/Erth      11%        N/A       75%         5
 Anguish                  Hex/Necr       1%         N/A       87%         4
 Animate Dead             Necr           2%         N/A       87%         4
 Arcjolt                  Conj/Air       0%         1d10      99%         5
 Death Channel            Necr           1%         N/A       100%        6
 Maxwell's Capacitive Co  Air            0%         ∞         100%        8


Dungeon Overview and Level Annotations

Branches:
Dungeon (5/15)
 Temple: D:4-7

Altars:
Kikubaaqudgha

Shops:
D:1 [

Annotations:
D:3 1 runed translucent door, Tonnatak's ghost, amateur AtBe
D:4 Pikel


Innate Abilities, Weirdness & Mutations

You are immune to sickness and miasma.
Your stone body is resilient. (AC +4)
You are immune to poison.
You resist negative energy. (rN+)
You are resistant to electric shocks. (rElec)
You are resistant to unholy torment.
You are immune to petrification.


Message History

* * * LOW HITPOINT WARNING * * *
It was a potion of ambrosia.
You are confused.
You feel invigorated. The lemure completely misses you.
Pikel closely misses you. Pikel attacks as you move away!
Pikel hits you with a +1 whip of freezing.
Pikel freezes you.
* * * LOW HITPOINT WARNING * * *
Pikel attacks as you move away! Pikel closely misses you.
The lemure attacks as you move away! The lemure closely misses you.
The lemure closely misses you.
You're too confused to move!
The lemure hits you.
Pikel hits you with a +1 whip of freezing!
Pikel freezes you.
You're too confused to move!
The lemure hits you but does no damage.
Pikel hits you with a +1 whip of freezing.
Pikel freezes you. The lemure attacks as you move away!
The lemure completely misses you.
You feel less invigorated.
You feel less confused. Pikel attacks as you move away!
Pikel hits you with a +1 whip of freezing.
Pikel freezes you. The lemure attacks as you move away! The lemure hits you.
The lemure attacks as you move away! The lemure hits you.
The lemure attacks as you move away! The lemure hits you.
The lemure attacks as you move away! The lemure hits you but does no damage.
The lemure attacks as you move away! The lemure hits you but does no damage.
It was a potion of cancellation.
You feel magically purged. The lemure hits you.
* * * LOW HITPOINT WARNING * * *
The lemure attacks as you move away! The lemure hits you.
* * * LOW HITPOINT WARNING * * *
It was a potion of resistance.
You feel protected. The lemure barely misses you.
You are confused.
You feel invigorated. The lemure hits you!
You die...

####......# ##..#......##
###.....#.....##
##.......##.....#
#........##.....## ###
.........###.....## ###.#
.....†...# #......####...##
...>.....# ##..5K.##......#
##.......####...@..#......#
##......................)#
####....##########......#
##..#### #......# ####..##
#...(..# )#..### #......#
†..## ###....# ....##
#...## .....## ##.##


You could see Pikel and a lemure.

Vanquished Creatures
  2 orc priests
  3 iguanas (D:4)
  An orc wizard (D:3)
  4 adders
  A worm (D:3)
  3 dart slugs
  10 orcs
  7 bats
  5 endoplasms
  7 giant cockroaches
  3 goblins
  10 hobgoblins
  4 jackals (D:3)
  11 kobolds
  7 ball pythons
  6 frilled lizards
  5 rats
89 creatures vanquished.

Vanquished Creatures (others)
  8 plants (D:4)
8 creatures vanquished.

Grand Total: 97 creatures vanquished

Notes
Turn   | Place    | Note
-------+----------+-------------------------------------------
     0 | D:1      | Lanoc the Gargoyle Earth Elementalist began the quest for
                  | the Orb.
     0 | D:1      | Reached XP level 1. HP: 10/10 MP: 3/3
   124 | D:1      | Reached skill level 4 in Earth Magic
   124 | D:1      | Reached XP level 2. HP: 15/15 MP: 3/5
   147 | D:1      | Found Jureu's Armour Shoppe.
   608 | D:1      | Reached XP level 3. HP: 19/19 MP: 2/6
   996 | D:2      | Reached skill level 5 in Earth Magic
   996 | D:2      | Reached XP level 4. HP: 23/24 MP: 1/7
  1481 | D:3      | Reached skill level 6 in Earth Magic
  1481 | D:3      | Reached XP level 5. HP: 6/28 MP: 1/8
  1643 | D:3      | Noticed Tonnatak's ghost (amateur AtBe)
  1649 | D:3      | Found a runed translucent door.
  2233 | D:3      | You fall into a shaft and drop 1 floor!
  2673 | D:4      | Found an ancient bone altar of Kikubaaqudgha.
  2734 | D:4      | Reached XP level 6. HP: 14/32 MP: 0/9
  3316 | D:4      | Reached skill level 7 in Earth Magic
  3506 | D:5      | Entered Level 5 of the Dungeon
  3506 | D:5      | Noticed Pikel
  3532 | D:4      | Slain by a lemure

Illustrated notes

Levels and vault maps discovered:
D:1:      nzn_arrival_crosshair, layout_basic, serial_shops, shop
D:2:      layout_rooms
D:3:      layout_basic, hellmonk_ghost_happy_afterlife
D:4:      layout_cave_pods, mainiacjoe_overflow_surrounded_room,
          serial_bayou_ford_a, hangedman_decor_slide_cut
D:5:      layout_rooms, minmay_misc_feat_doors, minmay_tree_intersection,
          uniq_pikel

Skill      XL: |  1  2  3  4  5  6 |
---------------+-------------------+-----
Earth Magic    | 4 5 6 7 |  7.2
Dodging        | 2 3 |  3.2
Stealth        | |  2.1
Spellcasting   | |  2.0
Transmutations | |  0.7

Action                   |  1- 3 |  4- 6 || total
-------------------------+-------+-------++-------
Melee: Unarmed           |    11 |       ||    11
 Cast: Sandblast         |    39 |    91 ||   130
  Use: Potion            |       |     4 ||     4
Armor: Robe              |    14 |    11 ||    25
Dodge: Dodged            |    11 |    37 ||    48

Table legend: (Time is in decaauts)
 A = Elapsed time spent in this place.
 B = Non-inter-level travel time spent in this place.
 C = Inter-level travel time spent in this place.
 D = Time resting spent in this place.
 E = Time spent auto-exploring this place.
 F = Levels seen in this place.
 G = Mean time per level.
                   A        B        C        D        E       F      G
               +--------+--------+--------+--------+--------+-----+--------+
         Total |   3608 |   3544 |     64 |      0 |   3053 |   5 |  721.6 |
       Dungeon |   3608 |   3544 |     64 |      0 |   3053 |   5 |  721.6 |
               +--------+--------+--------+--------+--------+-----+--------+

Top non-repeatable levels by time:
     D:4: 1099 daAuts
     D:3: 1026 daAuts
     D:1: 820 daAuts
     D:2: 661 daAuts
     D:5: 1 daAuts
